Match 42715008
Unlisted

Match 42715008
End
Kradschützen Motorcycle Team
Panzerpioneer Squad
Selects Battlefield Espionage Battlegroup
250 Light Carrier
Panzerpioneer Squad
Panzergrenadier Squad
Construct Light Support Kompanie
Panzerpioneer Squad
2.5-tonne Medical Truck
Construct Mechanized Kompanie
Panzerjäger Mechanized Group
254 Reconnaissance Tractor
Combat Half-tracks
Construct Panzerarmee Kommand
Panzer III L Medium Tank
Tungsten Core Ammunition
Selects 250/3 Funkpanzerwagen
Selects Anti-Tank Incendiary Munitions
Selects Intel Disruption Beacon
Selects Plunder
Walking Stuka Rocket Launcher
Panzer III L Medium Tank
Armored Reserves
Support Armor Elements
Walking Stuka Rocket Launcher
Tiger Heavy Tank
Rapid Advance
Emergency Repair Kits
Walking Stuka Rocket Launcher
254 Reconnaissance Tractor
Walking Stuka Rocket Launcher
Walking Stuka Rocket Launcher
Panzerpioneer Squad
Panzerpioneer Squad
Ol'Smokey
Fratley
skyhawkfranky
StoryCoffee
Scooter
dalailammer
batu182
Pooh
0
0

Comments sign in to comment!

No comments posted yet!